 Dungeon Crawl Stone Soup version 0.24.0-2-g5b39cebb1c (webtiles) character file.

Game seed: 992650572992319602, levelgen mode: deterministic

52 mopl the Firebug (level 3, -1/21 HPs)
             Began as an Octopode Fire Elementalist on Oct 29, 2019.
             Slain by a gnoll
             ... wielding a +0 flail
              (10 damage)
             ... on level 2 of the Dungeon.
             The game lasted 00:01:45 (1091 turns).

mopl the Firebug (Octopode Fire Elementalist)       Turns: 1091, Time: 00:01:46

Health: -1/21      AC:  1    Str:  7    XL:     3   Next: 85%
Magic:  2/7        EV: 13    Int: 18    God:
Gold:   73         SH:  0    Dex: 12    Spells: 3/7 levels left

rFire    . . .     SeeInvis .   a - +1 short sword (speed)
rCold    . . .     Gourm    .   (no shield)
rNeg     . . .     Faith    .   (helmet restricted)
rPois    .         Spirit   .   (no amulet)
rElec    .         Reflect  .   (no ring)
rCorr    .         Harm     .   (no ring)
MR       .....                  (no ring)
Stlth    +++.......             (no ring)
HPRegen  0.07/turn              (no ring)
MPRegen  0.10/turn              (no ring)
                                (no ring)
                                (no ring)

@: very slightly contaminated
A: almost no armour, stealthy swim, amphibious, 8 rings, constrict 8, camouflage
1, gelatinous body 1
a: no special abilities


You were on level 2 of the Dungeon.
You were hungry.

You visited 1 branch of the dungeon, and saw 3 of its levels.

You collected 73 gold pieces.

Inventory:

Hand Weapons
 a - a +1 short sword of speed (weapon)
Scrolls
 b - 2 scrolls of magic mapping {unknown}
 i - a scroll of remove curse {unknown}
 j - a scroll of identify {unknown}
Potions
 d - 2 potions of mutation {unknown}
 e - a potion of invisibility {unknown}
 f - a potion of curing {unknown}
 g - a potion of ambrosia {unknown}
 h - a potion of lignification {unknown}
 l - a potion of berserk rage {unknown}
 m - a potion of magic {unknown}
Comestibles
 c - 5 rations
 k - a chunk of flesh


   Skills:
 - Level 2.0 Dodging
 - Level 2.6 Stealth
 + Level 2.7 Spellcasting
 + Level 2.1 Conjurations
 + Level 3.5 Fire Magic


You had 3 spell levels left.
You knew the following spells:

 Your Spells              Type           Power        Failure   Level  Hunger
a - Flame Tongue          Conj/Fire      ##...        5%          1    #......
c - Conjure Flame         Conj/Fire      ##......     16%         3    ###....

Your spell library contained the following spells:

 Spells                   Type           Power        Failure   Level  Hunger
 Throw Flame              Conj/Fire      ##....       8%          2    ##.....
 Inner Flame              Hex/Fire       #.......     24%         3    ###....
 Sticky Flame             Conj/Fire      ##......     45%         4    #####..
 Fireball                 Conj/Fire      ##........   82%         5    ######.


Dungeon Overview and Level Annotations

Branches:
Dungeon (3/15)

Altars:


Innate Abilities, Weirdness & Mutations

You cannot wear most types of armour.
You are very stealthy in the water. (Stealth+)
You are amphibious.
You can wear up to eight rings at the same time.
You can use your tentacles to constrict eight enemies at once.
Your skin changes colour to match your surroundings (Stealth+).
Your rubbery body absorbs attacks. (AC +1, EV +1)


Message History

The flame tongue hits the gnoll but does no damage.
The gnoll is heavily wounded.
The gnoll hits you with a +0 flail.
Unknown command.
Casting: Flame Tongue (safe; 5% risk of failure)
Confirm with . or Enter, or press ? or * to list all spells.
Aiming: Flame Tongue (safe; 5% risk of failure)
Press: ? - help, Shift-Dir - straight line, f/p - gnoll
Aim: a gnoll, wielding a +0 flail (heavily wounded)
The flame tongue misses the gnoll.
The gnoll barely misses you.
Unknown command.
Casting: Flame Tongue (safe; 5% risk of failure)
Confirm with . or Enter, or press ? or * to list all spells.
Aiming: Flame Tongue (safe; 5% risk of failure)
Press: ? - help, Shift-Dir - straight line, f/p - gnoll
Aim: a gnoll, wielding a +0 flail (heavily wounded)
The flame tongue hits the gnoll.
The gnoll is almost dead.
The gnoll hits you with a +0 flail!
You die...

.........#.....##
.######.........# .#
####.....####### .#
##..........# .#
##.#######.#### .#### ###
#.......# [...# #######
#.......# ###.#
#.....####g....<.# #.#
#.....##.@.......# #)#
#.....##.#.......# ###.#
##.....##.#.......# ....#
#......##.........#
###.###.############.####
........# #......# #.#
....##..# #....#.###.#
.##.##..###..#.......#
########
...............#.#####
#......#


You could see a gnoll.

Vanquished Creatures
  An adder (D:2)
  A worm (D:2)
  2 dart slugs
  2 orcs (D:3)
  5 giant cockroaches
  8 goblins
  2 hobgoblins (D:2)
  6 kobolds
  3 bats
  A frilled lizard (D:3)
  3 rats
34 creatures vanquished.

Notes
Turn   | Place    | Note
-------+----------+-------------------------------------------
     0 | D:1      | mopl the Octopode Fire Elementalist began the quest for the
                  | Orb.
     0 | D:1      | Reached XP level 1. HP: 11/11 MP: 3/3
   201 | D:1      | Reached XP level 2. HP: 13/17 MP: 5/5
   593 | D:2      | Reached XP level 3. HP: 21/21 MP: 3/6
   630 | D:2      | Learned a level 3 spell: Conjure Flame
  1091 | D:2      | Slain by a gnoll

Levels and vault maps discovered:
D:1:      ncdulo_halloftheorcs, layout_basic
D:2:      layout_loops_cross, first_ration
D:3:      layout_rooms, marbit_many_paths, hangedman_decor_push

Skill      XL: |  1  2  3 |
---------------+----------+-----
Conjurations   | 2 |  2.1
Dodging        | |  2.0
Stealth        | |  2.6
Spellcasting   | |  2.7
Fire Magic     | |  3.5

Action                   || total
-------------------------++-------
Melee: Dagger            ||    14
       Unarmed           ||     6
       Constrict         ||    19
       Tentacles         ||     7
       Short sword       ||    49
 Cast: Flame Tongue      ||    12
 Stab: Sleeping          ||     5
Armor: Skin              ||     6
Dodge: Dodged            ||    35
